Match 42669914
Unlisted

Match 42669914
End
Construct Section Command Post
Selects Canadian Shock Battlegroup
Vickers Machine Gun Team
Dingo Light Scout Car
Infantry Section
Infantry Section
Selects Offensive Resupply
Selects Canadian Shock Section
Construct Platoon Command Post
Canadian Shock Section
Construct Platoon Command Post
Unlock M3 Stuart Light Tanks
Construct Field Infirmary
M3 Stuart Light Tank
Selects Smoke Operation
Smoke Operation
Selects Incendiary Munitions
M3 Stuart Light Tank
Infantry Training
6-pounder Anti-tank Gun Team
Selects Pyrotechnics
Construct Company Command Post
Smoke Operation
Unlock M3 Grant Medium Tanks
M3 Grant Medium Tank
M3 Grant Medium Tank
Armored Vehicle Training
Canadian Shock Section
M3 Grant Medium Tank
Smoke Operation
Selects Churchill Crocodile Heavy Tank
Churchill Crocodile Heavy Tank
Unlock Bishop Self-propelled Artillery
Bishop Self-propelled Artillery
Bishop Self-propelled Artillery
Light Vehicle Training
Smoke Operation
Canadian Shock Section
Smoke Operation
Bishop Self-propelled Artillery
Smoke Operation
Canadian Shock Section
Bishop Self-propelled Artillery
M3 Grant Medium Tank
spinn72
Computer - Hard
킴스
FloppyBob
zaro
.
Dark Angels
Tirant
0
0

Comments sign in to comment!

No comments posted yet!